 Dungeon Crawl Stone Soup version 0.29-a0-322-g68df515428 (webtiles) character file.

Game seed: 13986687521261135770

7 calli0pe the Slasher (level 1, -1/20 HPs)
             Began as a Deep Dwarf Berserker on Apr 7, 2022.
             Was a Follower of Trog.
             Slain by a worm (2 damage)
             ... on level 3 of the Dungeon.
             The game lasted 00:01:49 (390 turns).

calli0pe the Slasher (Deep Dwarf Berserker)          Turns: 390, Time: 00:01:49

Health: -1/20      AC:  2    Str: 20    XL:     1   Next: 91%
Magic:  1/1        EV: 12    Int:  7    God:    Trog [*.....]
Gold:   4          SH:  0    Dex: 12    Spells: 0/0 levels left

rFire   . . .      SeeInvis .   a - +0 falchion
rCold   . . .      Faith    .   (no shield)
rNeg    . . .      Spirit   .   b - +0 animal skin
rPois   .          Reflect  .   (no helmet)
rElec   .          Harm     .   (no cloak)
rCorr   .          Rampage  .   (no gloves)
Will    .....                   (no boots)
Stlth   +.........              (no amulet)
HPRegen 0.00/turn               (no ring)
MPRegen 0.07/turn               (no ring)

@: no status effects
A: damage resistance, heal wounds, sense surroundings 1, no regeneration
a: Heal Wounds, Renounce Religion, Berserk


You were on level 3 of the Dungeon.
You worshipped Trog.
Trog was aware of your devotion.
You visited 1 branch of the dungeon, and saw 3 of its levels.

You collected 4 gold pieces.

Inventory:

Hand Weapons
 a - a +0 falchion (weapon)
 c - a +0 dagger
Armour
 b - a +0 animal skin (worn)
Potions
 d - a potion of degeneration {unknown}


   Skills:
 + Level 2.9 Fighting
 + Level 3.1 Long Blades
 + Level 2.2 Armour
 + Level 2.3 Dodging


You couldn't memorise any spells.
You didn't know any spells.
Your spell library was empty.

Dungeon Overview and Level Annotations

Branches:
Dungeon (3/15)

Altars:


Innate Abilities, Weirdness & Mutations

You are resistant to damage.
You can heal yourself by infusing magical energy.
You passively map a small area around you.
You do not regenerate.


Message History

The hobgoblin barely misses you.
You closely miss the hobgoblin.
The hobgoblin hits you but does no damage.
You closely miss the hobgoblin. The hobgoblin hits you.
You hit the hobgoblin.
The hobgoblin is moderately wounded.
The hobgoblin hits you.
You barely miss the hobgoblin.
The hobgoblin is moderately wounded.
The hobgoblin misses you.
You closely miss the hobgoblin.
The hobgoblin is moderately wounded.
The hobgoblin closely misses you.
You hit the hobgoblin.
You kill the hobgoblin!
Trog accepts your kill.
d - a red potion You open the door.
You open the door.
A goblin comes into view. It is wielding a +0 club.
Found a stone staircase leading down and a stone staircase leading up.
There is a stone staircase leading down here.
You climb downwards.
There is a stone staircase leading up here.
The ball python hisses angrily.
You slash the ball python!
You kill the ball python!
Trog accepts your kill.
Found a book of Debilitation.
The worm bites you!
* * * LOW HITPOINT WARNING * * *
You hit the worm.
The worm is lightly wounded.
The worm bites you.
* * * LOW HITPOINT WARNING * * *
You hit the worm but do no damage.
The worm is lightly wounded.
You slash the worm!
The worm is heavily wounded.
The worm bites you.
You die...

#### ####### *
....##.<...##
............##
.............#
.............#
......w@.....#
,.............#
.............#
.............#
............##
:...##.....## ,
*#### ####### ,


You could see a worm.

Vanquished Creatures
  A bat (D:1)
  A goblin (D:2)
  2 hobgoblins (D:2)
  A kobold (D:1)
  A ball python (D:3)
6 creatures vanquished.

Notes
Turn   | Place    | Note
-------+----------+-------------------------------------------
     0 | D:1      | calli0pe the Deep Dwarf Berserker began the quest for the
                  | Orb.
     0 | D:1      | Reached XP level 1. HP: 20/20 MP: 1/1
   324 | D:1      | You fall into a shaft and drop 1 floor!
   388 | D:3      | HP: 1/20 [worm (1)]
   390 | D:3      | Slain by a worm

Illustrated notes

Levels and vault maps discovered:
D:1:      dpeg_arrival_brainrot, layout_rooms
D:2:      layout_basic, basic_ecumenical_altar, serial_shops,
          nicolae_shop_trees, nicolae_diamond_shop, shop_fountains
D:3:      layout_rooms, dk_vineyard_1, minmay_pentomino_pile

Action                   || total
-------------------------++-------
Melee: Falchion          ||    26
Armor: Animal skin       ||     2
Dodge: Dodged            ||    16

Table legend: (Time is in decaauts)
 A = Elapsed time spent in this place.
 B = Non-inter-level travel time spent in this place.
 C = Inter-level travel time spent in this place.
 D = Time resting spent in this place.
 E = Time spent auto-exploring this place.
 F = Levels seen in this place.
 G = Mean time per level.
                   A        B        C        D        E       F      G
               +--------+--------+--------+--------+--------+-----+--------+
         Total |    393 |    393 |      0 |    200 |      0 |   3 |  131.0 |
       Dungeon |    393 |    393 |      0 |    200 |      0 |   3 |  131.0 |
               +--------+--------+--------+--------+--------+-----+--------+

Top non-repeatable levels by time:
     D:1: 324 daAuts
     D:2: 58 daAuts
     D:3: 10 daAuts
